 Dungeon Crawl Stone Soup version 0.29.1-1-gd02db6906a (webtiles) character file.

Game seed: 9324473992062941967

84 croobank the Caller (level 4, -2/28 HPs)
             Began as an Octopode Summoner on Oct 9, 2022.
             Slain by a hobgoblin (6 damage)
             ... led by Robin
             ... on level 3 of the Dungeon.
             The game lasted 00:07:52 (2255 turns).

croobank the Caller (Octopode Summoner)             Turns: 2255, Time: 00:07:53

Health: -2/28      AC:  1    Str:  7    XL:     4   Next: 45%
Magic:  7/7        EV: 13    Int: 19    God:
Gold:   87         SH:  0    Dex: 12    Spells: 2/8 levels left

rFire   . . .      SeeInvis .   a - +1 whip (venom)
rCold   . . .      Faith    .   (no shield)
rNeg    . . .      Spirit   .   (helmet restricted)
rPois   .          Reflect  .   (no amulet)
rElec   .          Harm     .   (no ring)
rCorr   .          Rampage  .   (no ring)
Will    .....                   (no ring)
Stlth   +++.......              (no ring)
HPRegen 0.09/turn               (no ring)
MPRegen 0.10/turn               (no ring)
                                (no ring)
                                (no ring)

@: no status effects
A: almost no armour, amphibious, 8 rings, camouflage 1, gelatinous body 1,
(nimble swimmer 1), tentacles
a: no special abilities


You were on level 3 of the Dungeon.
You visited 1 branch of the dungeon, and saw 3 of its levels.

You collected 87 gold pieces.

Inventory:

Hand Weapons
 a - a +1 whip of venom (weapon)
 b - a +0 sling
Missiles
 g - 3 curare-tipped darts (quivered)
 h - 4 poisoned darts
Jewellery
 m - a ring of protection from cold
Scrolls
 f - a scroll of enchant weapon {unknown}
 i - 3 scrolls of identify {unknown}
 k - 2 scrolls of teleportation {unknown}
 l - a scroll of summoning {unknown}
 n - a scroll of amnesia {unknown}
Potions
 c - 2 potions of curing
 e - a potion of flight {unknown}
 j - a potion of berserk rage {unknown}
 o - a potion of might {unknown}
 p - a potion of haste {unknown}


   Skills:
 + Level 1.1 Fighting
 + Level 2.6 Dodging
 + Level 3.9 Stealth
 + Level 2.5 Spellcasting
 + Level 4.4 Summonings


You had 2 spell levels left.
You knew the following spells:

 Your Spells              Type           Power      Damage    Failure   Level
a - Summon Small Mammal   Summ           76%        N/A       2%          1
b - Call Imp              Summ           19%        N/A       3%          2
c - Call Canine Familiar  Summ           19%        N/A       8%          3

Your spell library contained the following spells:

 Spells                   Type           Power      Damage    Failure   Level
 Magic Dart               Conj           8%         1d3       16%         1
 Summon Guardian Golem    Hex/Summ       10%        N/A       19%         3
 Mephitic Cloud           Conj/Pois/Air  2%         N/A       43%         3
 Summon Lightning Spire   Summ/Air       10%        N/A       54%         4
 Summon Forest            Summ/Tloc      5%         N/A       87%         5
 Summon Mana Viper        Hex/Summ       10%        N/A       87%         5
 Summon Cactus Giant      Summ           9%         N/A       98%         6


Dungeon Overview and Level Annotations

Branches:
Dungeon (3/15)

Altars:

Annotations:
D:3 Robin


Innate Abilities, Weirdness & Mutations

You cannot wear most types of armour.
You are amphibious.
You can wear up to eight rings at the same time.
Your skin changes colour to match your surroundings (Stealth+).
Your rubbery body absorbs attacks. (AC +1, EV +1)
((You are camouflaged when in or above water. (Stealth+)))
You have tentacles for arms and can constrict up to eight enemies at once.


Message History

The hobgoblin barely misses your quokka.
Robin throws the goblin at you!
* * * LOW HITPOINT WARNING * * *
The goblin attacks as you move away! The goblin hits you with a +0 dagger.
* * * LOW HITPOINT WARNING * * *
You feel sick.
The goblin no longer looks unusually strong.
Your quokka bites the goblin.
The goblin hits your quokka with a +0 club.
The goblin attacks as you move away! The goblin hits you but does no damage.
You feel sick.
You are no longer poisoned.
The hobgoblin no longer looks unusually strong.
Your quokka closely misses the goblin.
The goblin hits your quokka with a +0 club!
Your quokka dies!
Your quokka's corpse disappears in a puff of smoke!
The goblin shouts!
The goblin attacks as you move away! The goblin hits you with a +0 dagger.
* * * LOW HITPOINT WARNING * * *
The goblin no longer looks unusually strong.
It was a potion of curing.
You feel better. The goblin hits you with a +0 dagger.
* * * LOW HITPOINT WARNING * * *
The goblin hits you with a +0 dagger.
* * * LOW HITPOINT WARNING * * *
Okay, then.
Throw: 4 darts (curare)
Press: ? - help, Q - select action, (/) - cycle Shift-Dir - straight line, f - goblin
Aim: a goblin, wielding a +0 dagger (47% to hit)
You throw a curare-tipped dart.
The curare-tipped dart closely misses the goblin.
The goblin barely misses you. The hobgoblin completely misses you.
The goblin misses you.
Casting: Summon Small Mammal (safe; 2% risk of failure)
Confirm with . or Enter, or press ? or * to list all spells.
You don't have enough magic to cast this spell.
Magic courses through your body. The goblin barely misses you.
The hobgoblin hits you.
You die...

.........#.#..##....###
..........#.............
...............##.......
.........$......ยง5......
.............)........).
...........g........##).
.........g..........##..
.......gg.l.g...#.......
.......@g.#####.#.......
..........# #.#.....).
##......#.... ..#.......
#......#.......#.....).
........#...... #......#
##............. #.......
#............. ......#.
........ ....


You could see Robin, 2 hobgoblins, 3 goblins and a frilled lizard.

Vanquished Creatures
  A giant cockroach (D:1)
  2 goblins (D:3)
  A hobgoblin (D:2)
  A quokka (D:1)
  A ball python (D:1)
  2 bats (D:1)
  A rat (D:1)
9 creatures vanquished.

Vanquished Creatures (collateral kills)
  Jessica (D:2)
  An adder (D:2)
  A dart slug (D:2)
  3 ball pythons (D:2)
  3 endoplasms
  2 giant cockroaches
  8 goblins
  5 hobgoblins
  A quokka (D:3)
  2 bats (D:2)
  3 frilled lizards
  4 kobolds
  A rat (D:2)
35 creatures vanquished.

Grand Total: 44 creatures vanquished

Notes
Turn   | Place    | Note
-------+----------+-------------------------------------------
     0 | D:1      | croobank the Octopode Summoner began the quest for the Orb.
     0 | D:1      | Reached XP level 1. HP: 11/11 MP: 3/3
    24 | D:1      | Found a faded altar of an unknown god.
   341 | D:1      | Reached XP level 2. HP: 8/17 MP: 1/5
   523 | D:1      | Learned a level 2 spell: Call Imp
  1483 | D:2      | Reached XP level 3. HP: 17/22 MP: 1/6
  1487 | D:2      | Learned a level 3 spell: Call Canine Familiar
  1857 | D:2      | Noticed Jessica
  1867 | D:2      | Killed Jessica
  1868 | D:2      | Reached skill level 1 in Fighting
  1868 | D:2      | Reached XP level 4. HP: 28/28 MP: 2/7
  2237 | D:3      | Noticed Robin
  2255 | D:3      | Slain by a hobgoblin

Illustrated notes

Levels and vault maps discovered:
D:1:      ncdulo_watergridlock, layout_basic,
          ebering_ecumenical_altar_sacrificial, dreamdust_princess_bridge,
          minmay_unequal
D:2:      layout_rooms, glass_columns_b, uniq_jessica
D:3:      layout_basic, serial_bayou_pond_d, chequers_serial_rivers_micro_c,
          mrwooster_statue_mirror, feat_on_display, uniq_robin

Skill      XL: |  1  2  3 |
---------------+----------+-----
Stealth        | 3 |  3.9
Fighting       | 1 |  1.1
Dodging        | |  2.6
Spellcasting   | |  2.5
Summonings     | |  4.4

Action                   |  1- 3 |  4- 6 || total
-------------------------+-------+-------++-------
Melee: Whip              |    10 |     3 ||    13
       Unarmed           |     2 |       ||     2
       Constrict         |     3 |       ||     3
       Tentacles         |     2 |       ||     2
Throw: Dart              |       |     1 ||     1
 Cast: Summon Small Mamm |    43 |     2 ||    45
       Call Imp          |     5 |     1 ||     6
       Call Canine Famil |     2 |     2 ||     4
  Use: Potion            |       |     2 ||     2
 Stab: Sleeping          |     2 |       ||     2
Armor: Skin              |     4 |     3 ||     7
Dodge: Dodged            |     7 |    11 ||    18
